 Dungeon Crawl Stone Soup version 0.29-a0-234-g0dae59b3db (webtiles) character file.

Game seed: 15218187709501279615

124 siradein the Grave Robber (level 4, -6/36 HPs)
             Began as a Draconian Necromancer on Mar 3, 2022.
             Mangled by a black bear (9 damage)
             ... on level 5 of the Dungeon.
             The game lasted 00:09:35 (4836 turns).

siradein the Grave Robber (Draconian Necromancer)   Turns: 4836, Time: 00:09:38

Health: -6/36      AC:  6    Str: 10    XL:     4   Next: 81%
Magic:  1/8        EV: 13    Int: 24    God:
Gold:   112        SH:  0    Dex: 17    Spells: 1/9 levels left

rFire   . . .      SeeInvis .   s - +0 flail
rCold   . . .      Faith    .   (no shield)
rNeg    . . .      Spirit   .   (body armour unavailable)
rPois   .          Reflect  .   (helmet restricted)
rElec   .          Harm     .   (no cloak)
rCorr   .          Rampage  .   v - +0 pair of gloves
Will    .....      Clarity  +   (no boots)
Stlth   ++........              (no amulet)
HPRegen 0.12/turn               n - +6 ring of intelligence
MPRegen 0.11/turn               y - +6 ring of dexterity

@: no status effects
A: AC +5, unfitting armour, cold-blooded, clarity, robust 1, MP-powered wands
a: no special abilities


You were on level 5 of the Dungeon.
You visited 1 branch of the dungeon, and saw 5 of its levels.

You collected 231 gold pieces.
You spent 119 gold pieces at shops.

Inventory:

Hand Weapons
 s - a +0 flail (weapon)
 u - a +2 long sword of holy wrath
Missiles
 k - a throwing net
Armour
 v - a +0 pair of gloves (worn)
Jewellery
 n - a +6 ring of intelligence (left hand)
 y - a +6 ring of dexterity (right hand)
Wands
 w - a wand of iceblast (12)
Scrolls
 a - 3 scrolls of teleportation
 b - 2 scrolls of amnesia {unknown}
 c - 2 scrolls of magic mapping {unknown}
 g - a scroll of noise {unknown}
 h - 3 scrolls of enchant weapon {unknown}
 j - 3 scrolls of fear
 o - a scroll of immolation {unknown}
 r - a scroll of acquirement {unknown}
 t - a scroll of blinking {unknown}
Potions
 d - a potion of lignification {unknown}
 f - 6 potions of curing
 i - a potion of flight {unknown}
 l - 2 potions of resistance {unknown}
 m - a potion of haste {unknown}
 p - a potion of cancellation {unknown}
 q - 2 potions of mutation
 x - a potion of heal wounds {unknown}


   Skills:
 + Level 0.1 Fighting
 + Level 3.0 Dodging
 - Level 1.7 Stealth
 + Level 3.1 Spellcasting
 + Level 4.8 Necromancy


You had one spell level left.
You knew the following spells:

 Your Spells              Type           Power      Damage    Failure   Level
a - Pain                  Necr           100%       1d9       1%          1
b - Vampiric Draining     Necr           27%        2d7       4%          3
c - Animate Dead          Necr           13%        N/A       14%         4

Your spell library contained the following spells:

 Spells                   Type           Power      Damage    Failure   Level
 Animate Skeleton         Necr           54%        N/A       1%          1
 Agony                    Necr           27%        N/A       38%         5


Dungeon Overview and Level Annotations

Branches:
Dungeon (5/15)
 Temple: D:4-7

Altars:
Gozag

Shops:
D:5 ?

Annotations:
D:4 2 runed translucent doors, Snarg's ghost, amateur DgWn
D:5 2 transporters, sirJeffrey23's ghost, novice DsMo


Innate Abilities, Weirdness & Mutations

Your plain brown scales are hard. (AC +5)
You cannot fit into any form of body armour.
You are cold-blooded and may be slowed by cold attacks.
You possess an exceptional clarity of mind.
You are robust. (+10% HP)
You expend magic power (3 MP) to strengthen your wands.


Message History

The quasit gives a chilling moan.
You hear a chilling moan.
The black bear bites you. The black bear claws you.
The black bear barely misses you.
Your +2 long sword of holy wrath stops glowing.
s - a +0 flail (weapon)
A howler monkey comes into view.
The black bear barely misses you. x2
The black bear claws you but does no damage.
There is an open door here.
The howler monkey howls!
The black bear misses you.
The black bear claws you but does no damage.
The black bear closely misses you. The black bear completely misses you.
The black bear closely misses you. The black bear barely misses you.
You sock the black bear!
You tail-slap the black bear, but do no damage.
The black bear is severely wounded.
The black bear goes berserk!
Casting: Vampiric Draining (dangerous; 4% risk of failure)
Confirm with . or Enter, or press ? or * to list all spells.
Aiming: Pain (safe; 1% risk of failure)
Press: ? - help, Shift-Dir - straight line, f/p - black bear
Aim: a black bear (severely wounded, berserk, chance to affect: 83%)
The black bear barely resists.
The black bear bites you! The black bear claws you.
The black bear claws you but does no damage.
The black bear bites you!
* * * LOW HITPOINT WARNING * * *
The black bear claws you but does no damage. x2
The black bear closely misses you.
The black bear claws you but does no damage.
The black bear closely misses you.
You hit the black bear.
The black bear is almost dead.
The black bear bites you.
* * * LOW HITPOINT WARNING * * *
The black bear barely misses you. The black bear completely misses you.
The black bear bites you!
You die...

#.....# +####
#.....#.....# ....
#.....#.....+ ......
#.....'.h...# ......
#.....#######
.....######...........#
#........######......#
#............h#......+
#.........###h@......#
#........## #####....#
###........# .5W.
#.....
.#.....##.##..#...
#....
.#.....#..#.#...#..
.... .#.....'..# .
.##..# ...
.'.....#..##.#. #.# ..
.#.....#...#$#. .#
.#.....#..©#?=.©


You could see a black bear (berserk), a howler monkey, a quasit and
sirJeffrey23's ghost.

Vanquished Creatures
  An adder (D:2)
  A shadow imp (D:5)
  5 worms
  3 dart slugs
  7 orcs
  6 ball pythons
  7 endoplasms
  4 giant cockroaches
  10 hobgoblins
  4 jackals (D:1)
  4 quokkas
  5 bats
  3 frilled lizards
  5 goblins
  5 kobolds
  5 rats
75 creatures vanquished.

Notes
Turn   | Place    | Note
-------+----------+-------------------------------------------
     0 | D:1      | siradein the Draconian Necromancer began the quest for the
                  | Orb.
     0 | D:1      | Reached XP level 1. HP: 14/14 MP: 3/3
   261 | D:1      | Reached XP level 2. HP: 20/20 MP: 1/5
   418 | D:1      | Found a faded altar of an unknown god.
  1395 | D:2      | Reached XP level 3. HP: 20/26 MP: 1/6
  1757 | D:2      | Learned a level 3 spell: Vampiric Draining
  2939 | D:3      | Reached XP level 4. HP: 30/33 MP: 5/8
  2944 | D:3      | Learned a level 4 spell: Animate Dead
  3829 | D:4      | Identified the +1 helmet of Zumiq {Drain rC++ Regen+ Dex+2}
  4223 | D:4      | Found a large runed translucent door.
  4223 | D:4      | Found a large runed translucent door.
  4231 | D:4      | Noticed Snarg's ghost (amateur DgWn)
  4577 | D:4      | Found an opulent altar of Gozag.
  4695 | D:5      | Entered Level 5 of the Dungeon
  4715 | D:5      | Found Roplimp's Magic Scroll Boutique.
  4718 | D:5      | Bought a scroll of identify for 28 gold pieces
  4718 | D:5      | Bought a scroll of fear for 49 gold pieces
  4718 | D:5      | Bought a scroll of teleportation for 42 gold pieces
  4720 | D:5      | Gained mutation: You expend magic power (3 MP) to
                  | strengthen your wands. [potion of mutation]
  4720 | D:5      | Gained mutation: You possess an exceptional clarity of
                  | mind. [potion of mutation]
  4720 | D:5      | Gained mutation: You are robust. (+10% HP) [potion of
                  | mutation]
  4769 | D:5      | Found a transporter.
  4769 | D:5      | Noticed sirJeffrey23's ghost (novice DsMo)
  4779 | D:5      | Found a transporter.
  4787 | D:5      | Noticed a black bear
  4836 | D:5      | Mangled by a black bear

Illustrated notes

Levels and vault maps discovered:
D:1:      minmay_arrival_plants_in_alcoves, layout_basic,
          ebering_ecumenical_altar_sacrificial
D:2:      minmay_diamond_boxcup, layout_basic, minmay_strange_pillars,
          chequers_serial_rivers_large_b, minmay_heptomino_h4
D:3:      layout_basic
D:4:      layout_loops_ring, nicolae_gozag_cash_rules_everything_around_me,
          ebering_ghost_disaster_area
D:5:      layout_gridville, serial_shops, nicolae_take_the_stairs,
          nicolae_square_shop, kennysheep_mini, gammafunk_ghost_stat_death

Skill      XL: |  1  2  3  4 |
---------------+-------------+-----
Dodging        | 2 3 |  3.0
Spellcasting   | 3 |  3.1
Fighting       | |  0.1
Stealth        | |  1.7
Necromancy     | |  4.8

Action                   |  1- 3 |  4- 6 || total
-------------------------+-------+-------++-------
Melee: Unarmed           |    14 |       ||    14
       Whip              |    11 |       ||    11
       Tailslap          |     8 |     2 ||    10
       Rapier            |    18 |       ||    18
       Flail             |       |     9 ||     9
       Long sword        |       |     5 ||     5
 Cast: Pain              |    75 |    56 ||   131
       Vampiric Draining |       |     3 ||     3
  Use: Scroll            |       |     2 ||     2
       Potion            |       |     1 ||     1
Armor: Skin              |    16 |    16 ||    32
Dodge: Dodged            |    44 |    25 ||    69

Table legend: (Time is in decaauts)
 A = Elapsed time spent in this place.
 B = Non-inter-level travel time spent in this place.
 C = Inter-level travel time spent in this place.
 D = Time resting spent in this place.
 E = Time spent auto-exploring this place.
 F = Levels seen in this place.
 G = Mean time per level.
                   A        B        C        D        E       F      G
               +--------+--------+--------+--------+--------+-----+--------+
         Total |   4869 |   4693 |    176 |    400 |   3713 |   5 |  973.8 |
       Dungeon |   4869 |   4693 |    176 |    400 |   3713 |   5 |  973.8 |
               +--------+--------+--------+--------+--------+-----+--------+

Top non-repeatable levels by time:
     D:2: 1547 daAuts
     D:1: 1366 daAuts
     D:3: 938 daAuts
     D:4: 873 daAuts
     D:5: 143 daAuts
